SAAA
BRINKLEY BELUGAS @ PURE MICHIGAN GREAT LAKERS
05/08/2034
 
TOP OF THE 1ST
Brinkley Belugas batting - Pitching for Pure Michigan Great Lakers : RHP Paul Dudding
Pitching: RHP Paul Dudding
Batting: RHB Oscar Gandarilla 0-0: Called Strike
0-1: Ball
1-1: Ball
2-1: Called Strike
2-2: Foul Ball, location: 2F
2-2: Ball
3-2: Base on Balls
Batting: RHB Ronald Comejo 0-0: Ball
1-0: Swinging Strike
1-1: Ball
2-1: Ball
3-1: Base on Balls
Oscar Gandarilla to second
Batting: RHB Wu-shiun Wang 0-0: Called Strike
0-1: Swinging Strike
0-2: Strikes out swinging
Batting: RHB Luis Yander La O 0-0: Called Strike
0-1: Fly out, F8 (Flyball, 8RS)
Batting: RHB Hyeon-cheong Kim 0-0: Fielders Choice at 2nd, 5-4 (Groundball, 56)
Top of the 1st over - 0 runs, 0 hits, 0 errors, 2 left on base; Brinkley 0 - Pure Michigan 0
BOTTOM OF THE 1ST
Pure Michigan Great Lakers batting - Pitching for Brinkley Belugas : RHP Matt Davenport
Pitching: RHP Matt Davenport
Batting: SHB Cyrille Baffi 0-0: Ball
1-0: Swinging Strike
1-1: Ball
2-1: Called Strike
2-2: Ball
3-2: Base on Balls
Batting: LHB Michael Cochran 0-0: Bunted foul
0-1: Ball
1-1: Ball
2-1: Bunted foul
2-2: Ground out 4-3 (Groundball, 34)
Cyrille Baffi to second
Batting: RHB Alco Compagne 0-0: Ball
1-0: Ball
2-0: Ball
3-0: Called Strike
3-1: Foul Ball, location: 2F
3-2: DOUBLE (Line Drive, 7LS)
Cyrille Baffi scores
Batting: SHB Roger Dorn 0-0: Ground out 4-3 (Groundball, 4)
Alco Compagne to third
Batting: RHB Dan Hendricks 0-0: Ball
1-0: Swinging Strike
1-1: Ball
2-1: Swinging Strike
2-2: Strikes out looking
Bottom of the 1st over - 1 run, 1 hit, 0 errors, 1 left on base; Brinkley 0 - Pure Michigan 1
TOP OF THE 2ND
Brinkley Belugas batting - Pitching for Pure Michigan Great Lakers : RHP Paul Dudding
Batting: RHB Jouo Hirschovits 0-0: Swinging Strike
0-1: Called Strike
0-2: Foul Ball, location: 2F
0-2: Ground out 4-3 (Groundball, 4)
Batting: SHB Jorge Colón 0-0: Called Strike
0-1: Foul Ball, location: 2F
0-2: Strikes out looking
Batting: RHB Juan Báez 0-0: Ball
1-0: Ball
2-0: Fly out, F9 (Flyball, 9S)
Top of the 2nd over - 0 runs, 0 hits, 0 errors, 0 left on base; Brinkley 0 - Pure Michigan 1
BOTTOM OF THE 2ND
Pure Michigan Great Lakers batting - Pitching for Brinkley Belugas : RHP Matt Davenport
Batting: LHB Gilberto Moreno 0-0: Ball
1-0: Swinging Strike
1-1: Ball
2-1: Ball
3-1: DOUBLE (Line Drive, 89XD)
Batting: RHB David Crow 0-0: Called Strike
0-1: Ball
1-1: Ball
2-1: Fly out, F7 (Flyball, 78S)
Batting: RHB Jorge Noutel 0-0: Called Strike
0-1: Swinging Strike
0-2: Foul Ball, location: 2F
0-2: Ball
1-2: Ball
2-2: Ground out 6-3 (Groundball, 6)
Batting: RHB Quincy van Enk 0-0: Ground out 5-3 (Groundball, 5S)
Bottom of the 2nd over - 0 runs, 1 hit, 0 errors, 1 left on base; Brinkley 0 - Pure Michigan 1
TOP OF THE 3RD
Brinkley Belugas batting - Pitching for Pure Michigan Great Lakers : RHP Paul Dudding
Batting: RHB Tony Ayala 0-0: Foul Ball, location: 2F
0-1: Ball
1-1: Ball
2-1: Foul Ball, location: 2F
2-2: Foul Ball, location: 2F
2-2: Fly out, F8 (Line Drive, 8RD)
Batting: RHB Oscar Gandarilla 0-0: Called Strike
0-1: Fly out, F8 (Flyball, 8LS)
Batting: RHB Ronald Comejo 0-0: Swinging Strike
0-1: Foul Ball, location: 2F
0-2: Strikes out looking
Top of the 3rd over - 0 runs, 0 hits, 0 errors, 0 left on base; Brinkley 0 - Pure Michigan 1
BOTTOM OF THE 3RD
Pure Michigan Great Lakers batting - Pitching for Brinkley Belugas : RHP Matt Davenport
Batting: SHB Cyrille Baffi 0-0: Called Strike
0-1: Ball
1-1: Foul Ball, location: 2F
1-2: Ground out 4-3 (Groundball, 4M)
Batting: LHB Michael Cochran 0-0: Called Strike
0-1: DOUBLE (Flyball, 78D)
Batting: RHB Alco Compagne 0-0: Called Strike
0-1: Ball
1-1: Fly out, F9 (Flyball, 89S)
Batting: SHB Roger Dorn 0-0: Called Strike
0-1: Ball
1-1: Fly out, F6 (Popup, 6MS)
Bottom of the 3rd over - 0 runs, 1 hit, 0 errors, 1 left on base; Brinkley 0 - Pure Michigan 1
TOP OF THE 4TH
Brinkley Belugas batting - Pitching for Pure Michigan Great Lakers : RHP Paul Dudding
Batting: RHB Wu-shiun Wang 0-0: Ball
1-0: Called Strike
1-1: Ball
2-1: Called Strike
2-2: Strikes out swinging
Batting: RHB Luis Yander La O 0-0: SINGLE (Flyball, 9LS)
Batting: RHB Hyeon-cheong Kim 0-0: Ball
1-0: Ball
2-0: DOUBLE (Line Drive, 89D)
Luis Yander La O to third
Batting: RHB Jouo Hirschovits 0-0: Ball
1-0: Ball
2-0: SINGLE (Groundball, 4MD)
Luis Yander La O scores
Hyeon-cheong Kim to third
Runner from 3rd tries for Home, SAFE, no throw
Batting: SHB Jorge Colón 0-0: Ball
1-0: Called Strike
Jouo Hirschovits steals 2nd base
1-1: Foul Ball, location: 2F
1-2: Ball
2-2: Ball
3-2: Ground out 4-3 (Groundball, 6MS)
Jouo Hirschovits to third
Batting: RHB Juan Báez 0-0: Called Strike
0-1: Called Strike
0-2: Ball
1-2: Ball
2-2: Strikes out swinging
Top of the 4th over - 2 runs, 3 hits, 0 errors, 1 left on base; Brinkley 2 - Pure Michigan 1
BOTTOM OF THE 4TH
Pure Michigan Great Lakers batting - Pitching for Brinkley Belugas : RHP Matt Davenport
Batting: RHB Dan Hendricks 0-0: Ball
1-0: Ball
2-0: Foul Ball, location: 2F
2-1: Called Strike
2-2: Foul Ball, location: 2F
2-2: SINGLE (Flyball, 89M)
Batting: LHB Gilberto Moreno 0-0: Foul Ball, location: 2F
0-1: Grounds into double play, 4-6-3 (Groundball, 34)
Batting: RHB David Crow 0-0: Called Strike
0-1: Ball
1-1: Foul Ball, location: 2F
1-2: Ground out 5-3 (Groundball, 56)
Bottom of the 4th over - 0 runs, 1 hit, 0 errors, 0 left on base; Brinkley 2 - Pure Michigan 1
TOP OF THE 5TH
Brinkley Belugas batting - Pitching for Pure Michigan Great Lakers : RHP Paul Dudding
Batting: RHB Tony Ayala 0-0: Ball
1-0: Ball
2-0: Ball
3-0: Called Strike
3-1: Called Strike
3-2: Foul Ball, location: 2F
3-2: Foul Ball, location: 2F
3-2: Ground out U3 (Groundball, 3S)
Batting: RHB Oscar Gandarilla 0-0: Fly out, F9 (Flyball, 9LS)
Batting: RHB Ronald Comejo 0-0: Swinging Strike
0-1: Foul Ball, location: 2F
0-2: Reached on error, E6 (Groundball, 6M)
Batting: RHB Wu-shiun Wang 0-0: Ball
1-0: Called Strike
1-1: Called Strike
1-2: Ball
Ronald Comejo is caught stealing 2nd base
Top of the 5th over - 0 runs, 0 hits, 1 error, 0 left on base; Brinkley 2 - Pure Michigan 1
BOTTOM OF THE 5TH
Pure Michigan Great Lakers batting - Pitching for Brinkley Belugas : RHP Matt Davenport
Batting: RHB Jorge Noutel 0-0: Ball
1-0: Bunt - Flyout! F1
Batting: RHB Quincy van Enk 0-0: Foul Ball, location: 2F
0-1: Ball
1-1: Ground out 3-1 (Groundball, 34S)
Batting: SHB Cyrille Baffi 0-0: Ball
1-0: Called Strike
1-1: Ground out U3 (Groundball, 3)
Bottom of the 5th over - 0 runs, 0 hits, 0 errors, 0 left on base; Brinkley 2 - Pure Michigan 1
TOP OF THE 6TH
Brinkley Belugas batting - Pitching for Pure Michigan Great Lakers : RHP Paul Dudding
Batting: RHB Wu-shiun Wang 0-0: Called Strike
0-1: Fly out, F9 (Flyball, 9)
Batting: RHB Luis Yander La O 0-0: Ground out 5-3 (Groundball, 5)
Batting: RHB Hyeon-cheong Kim 0-0: Swinging Strike
0-1: Called Strike
0-2: Strikes out swinging
Top of the 6th over - 0 runs, 0 hits, 0 errors, 0 left on base; Brinkley 2 - Pure Michigan 1
BOTTOM OF THE 6TH
Pure Michigan Great Lakers batting - Pitching for Brinkley Belugas : RHP Matt Davenport
Batting: LHB Michael Cochran 0-0: Ball
1-0: Ball
2-0: Called Strike
2-1: Foul Ball, location: 2F
2-2: Foul Ball, location: 2F
2-2: Ground out 1-3 (Groundball, P)
Batting: RHB Alco Compagne 0-0: Ball
1-0: Called Strike
1-1: SINGLE (Groundball, 4MD)
Batting: SHB Roger Dorn 0-0: Ball
1-0: Grounds into double play, 4-6-3 (Groundball, 4)
Bottom of the 6th over - 0 runs, 1 hit, 0 errors, 0 left on base; Brinkley 2 - Pure Michigan 1
TOP OF THE 7TH
Brinkley Belugas batting - Pitching for Pure Michigan Great Lakers : RHP Paul Dudding
Batting: RHB Jouo Hirschovits 0-0: Fly out, F8 (Flyball, 89M)
Batting: SHB Jorge Colón 0-0: Ball
1-0: Ball
2-0: Ball
3-0: Called Strike
3-1: Fly out, F7 (Flyball, 7D)
Batting: RHB Juan Báez 0-0: Foul Ball, location: 2F
0-1: Swinging Strike
0-2: Ball
1-2: Ball
2-2: Foul Ball, location: 2F
2-2: Foul Ball, location: 2F
2-2: Strikes out swinging
Top of the 7th over - 0 runs, 0 hits, 0 errors, 0 left on base; Brinkley 2 - Pure Michigan 1
BOTTOM OF THE 7TH
Pure Michigan Great Lakers batting - Pitching for Brinkley Belugas : RHP Matt Davenport
Batting: RHB Dan Hendricks 0-0: Fly out, F3 (Popup, 3F)
Batting: LHB Gilberto Moreno 0-0: Ball
1-0: Foul Ball, location: 2F
1-1: Ball
2-1: Fly out, F9 (Flyball, 9S)
Batting: RHB David Crow 0-0: Ball
1-0: Foul Ball, location: 2F
1-1: Ball
2-1: Ball
3-1: Called Strike
3-2: Base on Balls
Pitching: LHP Sicnarf Loopstok
Batting: RHB Jorge Noutel 0-0: Called Strike
0-1: Ball
1-1: Foul Ball, location: 2F
1-2: Ball
David Crow steals 2nd base
2-2: Strikes out looking
Bottom of the 7th over - 0 runs, 0 hits, 0 errors, 1 left on base; Brinkley 2 - Pure Michigan 1
TOP OF THE 8TH
Brinkley Belugas batting - Pitching for Pure Michigan Great Lakers : RHP Paul Dudding
Batting: RHB Tony Ayala 0-0: Ball
1-0: DOUBLE (Line Drive, 9LD)
Batting: RHB Oscar Gandarilla 0-0: Fly out, F4 (Popup, 34)
Batting: RHB Ronald Comejo 0-0: Ball
1-0: Ball
2-0: Swinging Strike
2-1: Called Strike
2-2: Ground out 3-1 (Groundball, 34S)
Tony Ayala to third
Batting: RHB Wu-shiun Wang 0-0: Ground out 3-1 (Groundball, 34S)
Top of the 8th over - 0 runs, 1 hit, 0 errors, 1 left on base; Brinkley 2 - Pure Michigan 1
BOTTOM OF THE 8TH
Pure Michigan Great Lakers batting - Pitching for Brinkley Belugas : LHP Sicnarf Loopstok
Batting: RHB Quincy van Enk 0-0: Ball
1-0: Swinging Strike
1-1: Ball
2-1: Swinging Strike
2-2: Foul Ball, location: 2F
2-2: Strikes out looking
Batting: SHB Cyrille Baffi 0-0: Ball
1-0: SINGLE (Groundball, 6D)
Pinch Hitting: RHB Tatsui Murakami 0-0: Ball
1-0: Ball
2-0: Called Strike
2-1: Swinging Strike
2-2: Strikes out swinging
Batting: RHB Alco Compagne 0-0: Foul Ball, location: 2F
0-1: Swinging Strike
0-2: Ball
1-2: Ball
2-2: Ball
3-2: Base on Balls
Cyrille Baffi to second
Batting: SHB Roger Dorn 0-0: Called Strike
0-1: Ball
1-1: Foul Ball, location: 2F
1-2: SINGLE (Line Drive, 34D)
Cyrille Baffi to third
Alco Compagne to second
Runner from 3rd tries for Home, SAFE, no throw
Batting: RHB Dan Hendricks 0-0: Called Strike
0-1: Foul Ball, location: 2F
0-2: Ball
1-2: Foul Ball, location: 2F
1-2: Ball
2-2: Foul Ball, location: 2F
2-2: Ball
3-2: Ground out 2-3 (Groundball, 15S)
Bottom of the 8th over - 1 run, 2 hits, 0 errors, 2 left on base; Brinkley 2 - Pure Michigan 2
TOP OF THE 9TH
Brinkley Belugas batting - Pitching for Pure Michigan Great Lakers : RHP Paul Dudding
Pitching: RHP King Kelly
Now in LF: Tatsui Murakami
Batting: RHB Luis Yander La O 0-0: Called Strike
0-1: Ball
1-1: Ball
2-1: TRIPLE (Flyball, 8RXD)
Batting: RHB Hyeon-cheong Kim 0-0: Called Strike
0-1: Swinging Strike
0-2: Ball
1-2: Ground out 6-3 (Groundball, 6M)
Batting: RHB Jouo Hirschovits 0-0: Called Strike
0-1: Ball
1-1: Ball
2-1: Fly out, F8 (Flyball, 8RD)
Runner from 3rd tags up, SCORES, throw made
Batting: SHB Jorge Colón 0-0: Ball
1-0: Fly out, F8 (Flyball, 8LS)
Top of the 9th over - 1 run, 1 hit, 0 errors, 0 left on base; Brinkley 3 - Pure Michigan 2
BOTTOM OF THE 9TH
Pure Michigan Great Lakers batting - Pitching for Brinkley Belugas : LHP Sicnarf Loopstok
Batting: LHB Gilberto Moreno 0-0: Called Strike
0-1: Foul Ball, location: 2F
0-2: Foul Ball, location: 2F
0-2: Ball
1-2: Strikes out swinging
Pitching: RHP Mark Valle
Pinch Hitting: LHB Ángel Pineda 0-0: Called Strike
0-1: Ball
1-1: Reached on error, E6 (Groundball, 6S)
Pinch Runner at 1st Jorge Ayala:
Batting: RHB Jorge Noutel 0-0: Called Strike
0-1: Ground out 5-3 (Groundball, 5S)
Jorge Ayala to second
Batting: RHB Quincy van Enk 0-0: Called Strike
0-1: Foul Ball, location: 2F
0-2: Ball
1-2: Ball
2-2: Strikes out swinging
Bottom of the 9th over - 0 runs, 0 hits, 1 error, 1 left on base; Brinkley 3 - Pure Michigan 2
Friday, March 29th, 2019 - OOTP Baseball 18.8 Build 76